 Dungeon Crawl Stone Soup version 0.27.1-33-g824d729ab1 (webtiles) character file.

Game seed: 3917338544406072629

64 zeram the Covert (level 3, 0/18 HPs)
             Began as a Spriggan Brigand on Dec 30, 2021.
             Slain by a crimson imp (1 damage)
             ... summoned by Natasha
             ... on level 2 of the Dungeon.
             The game lasted 00:02:35 (1464 turns).

zeram the Covert (Spriggan Brigand)                 Turns: 1464, Time: 00:02:36

Health: 0/18       AC:  3    Str:  7    XL:     3   Next: 91%
Magic:  4/4        EV: 16    Int: 13    God:
Gold:   46         SH:  0    Dex: 16    Spells: 2/2 levels left

rFire    . . .     SeeInvis +   a - +2 dagger
rCold    . . .     Faith    .   (shield restricted)
rNeg     . . .     Spirit   .   b - +0 robe
rPois    .         Reflect  .   (helmet restricted)
rElec    .         Harm     .   c - +0 cloak
rCorr    .         Rampage  .   (gloves unavailable)
Will     .....                  (boots unavailable)
Stlth    ++++......             (no amulet)
HPRegen  0.06/turn              (no ring)
MPRegen  0.09/turn              (no ring)

@: very quick
A: very small, no large weapons, unfitting armour, see invisible, speed 3
a: no special abilities


You were on level 2 of the Dungeon.
You visited 1 branch of the dungeon, and saw 2 of its levels.

You collected 46 gold pieces.

Inventory:

Hand Weapons
 a - a +2 dagger (weapon)
Missiles
 d - 8 poisoned darts (quivered)
 e - 2 curare-tipped darts
Armour
 b - a +0 robe (worn)
 c - a +0 cloak (worn)
Scrolls
 f - 2 scrolls of identify {unknown}
 h - 2 scrolls of teleportation {unknown}
Potions
 g - a potion of heal wounds {unknown}


   Skills:
 - Level 1.5 Fighting
 - Level 2.1 Short Blades
 - Level 2.0 Throwing
 - Level 1.3 Dodging
 + Level 8.4 Stealth


You had 2 spell levels left.
You didn't know any spells.
Your spell library was empty.

Dungeon Overview and Level Annotations

Branches:
Dungeon (2/15)

Altars:

Annotations:
D:2 Natasha


Innate Abilities, Weirdness & Mutations

You are very small and have problems with some larger weapons.
You are too small for most types of armour.
You have supernaturally acute eyesight. (SInv)
You cover ground extremely quickly. (Speed+++)


Message History

You hit Natasha.
Natasha is moderately wounded.
Natasha closely misses you.
You hit Natasha.
Natasha is moderately wounded.
Natasha casts a spell at you. You resist with some effort. Natasha misses you.
You hit Natasha but do no damage.
Natasha is moderately wounded.
Natasha claws you.
You are too injured to fight recklessly!
You hit Natasha.
Natasha is heavily wounded.
Natasha claws you but does no damage. Natasha barely misses you.
You hit Natasha.
Natasha is heavily wounded.
Natasha claws you but does no damage.
You hit Natasha.
Natasha is severely wounded.
Natasha barely misses you.
You hit Natasha.
Natasha is severely wounded.
Natasha claws you but does no damage.
Natasha stares at you and mumbles some strange words.
The magic dart hits you.
* * * LOW HITPOINT WARNING * * *
You hit Natasha but do no damage.
Natasha is severely wounded.
You feel yourself speed up.
Natasha mumbles some strange words.
You closely miss Natasha.
Natasha is severely wounded.
Natasha misses you.
You hit Natasha but do no damage.
Natasha is severely wounded.
The crimson imp closely misses you. Natasha barely misses you.
You hit Natasha.
Natasha is almost dead.
The crimson imp hits you.
You die...

#.........
##..######## #..#
#...# #..# #...#
########+###.####...##
#.........##..##.....#
#.........'....#.....#
#.....†...###..#.)...#
#....h@5..#
#..#.....##
#.........#
#.......†.†
#.........#
#.......###
#...$.....# #.#..####
#.........# #.#..#
#.........# #.#..#
########### #.#.>#
#.#### #.#


You could see Natasha and a crimson imp (summoned).

Vanquished Creatures
  2 adders (D:2)
  13 ball pythons
  A bat (D:1)
  2 endoplasms (D:2)
  4 giant cockroaches (D:1)
  4 goblins
  5 hobgoblins
  2 jackals (D:1)
  A frilled lizard (D:1)
  3 kobolds (D:1)
  3 rats
40 creatures vanquished.

Notes
Turn   | Place    | Note
-------+----------+-------------------------------------------
     0 | D:1      | zeram the Spriggan Brigand began the quest for the Orb.
     0 | D:1      | Reached XP level 1. HP: 10/10 MP: 2/2
     0 | D:1      | Noticed a vine stalker
     1 | D:1      | Noticed a draconian
     5 | D:1      | Noticed an octopode
     7 | D:1      | Noticed a minotaur
     9 | D:1      | Noticed a felid
    11 | D:1      | Noticed a draconian
    13 | D:1      | Noticed a naga
    15 | D:1      | Noticed a troll
    15 | D:1      | Noticed a djinni
    15 | D:1      | Noticed a formicid
    17 | D:1      | Noticed a demigod
    17 | D:1      | Noticed a ghoul
    73 | D:1      | Reached skill level 6 in Stealth
   152 | D:1      | Reached XP level 2. HP: 14/14 MP: 3/3
   181 | D:1      | Reached skill level 7 in Stealth
   848 | D:1      | Reached XP level 3. HP: 18/18 MP: 4/4
  1277 | D:2      | Reached skill level 8 in Stealth
  1446 | D:2      | Noticed Natasha
  1464 | D:2      | Slain by a crimson imp

Illustrated notes

Levels and vault maps discovered:
D:1:      shiori_arrival_whats_in_store_for_you, layout_loops_ring,
          nrook_mini_backslash
D:2:      layout_basic, shapermc_ecumenical_altar_flowoftime, uniq_natasha,
          uniq_terence

Skill      XL: |  1  2  3 |
---------------+----------+-----
Stealth        | 6 7 8 |  8.4
Fighting       | |  1.5
Short Blades   | |  2.1
Throwing       | |  2.0
Dodging        | |  1.3

Action                   || total
-------------------------++-------
Melee: Dagger            ||   137
 Stab: Sleeping          ||    13
       Distracted        ||     1
Armor: Robe              ||    21
Dodge: Dodged            ||   105
